 Dungeon Crawl Stone Soup version 0.19.0 (webtiles) character file.

51 gg19 the Skirmisher (level 3, -6/40 HPs)
             Began as an Ogre Hunter on Nov 20, 2016.
             Killed from afar by Natasha (9 damage)
             ... with a magic dart
             ... on level 2 of the Dungeon.
             The game lasted 00:01:43 (1019 turns).

gg19 the Skirmisher (Ogre Hunter)                   Turns: 1019, Time: 00:01:44

Health: -6/40      AC:  3    Str: 18    XL:     3   Next: 83%
Magic:  3/3        EV: 10    Int: 10    God:
Gold:   26         SH:  0    Dex: 10    Spells: 0 memorised, 2 levels left

rFire  . . .     SeeInvis .     g - +0 club
rCold  . . .     Gourm    .     b - +0 robe
rNeg   . . .     Faith    .     (no shield)
rPois  .         Spirit   .     (helmet restricted)
rElec  .         Reflect  .     (no cloak)
rCorr  .         Harm     .     (gloves unavailable)
MR     .....                    (boots unavailable)
Stlth  +.........               (no amulet)
                                (no ring)
                                (no ring)

@: no status effects
A: unfitting armour, tough skin 1
a: no special abilities


You were on level 2 of the Dungeon.
You were hungry.

You visited 1 branch of the dungeon, and saw 2 of its levels.

You collected 26 gold pieces.

Inventory:

Hand Weapons
 g - a +0 club (weapon)
Missiles
 c - 2 large rocks (quivered)
 h - 77 stones
 j - 7 needles of frenzy
Armour
 b - a +0 robe (worn)
Scrolls
 a - a scroll of random uselessness {unknown}
 e - a scroll of enchant armour {unknown}
 l - 2 scrolls of teleportation {unknown}
Potions
 k - a potion of curing {unknown}
Comestibles
 f - a bread ration
 i - a beef jerky


   Skills:
 + Level 4.6 Fighting
 * Level 2.3 Maces & Flails
 - Level 4.0 Throwing
 - Level 1.7 Dodging
 - Level 0.6 Stealth


You had 2 spell levels left.
You didn't know any spells.

Dungeon Overview and Level Annotations

Branches:
Dungeon (2/15)

Altars:

Annotations:
D:2 Natasha


Innate Abilities, Weirdness & Mutations

You are too large for most types of armour.
You have tough skin. (AC +1)


Message History

Natasha claws you. The kobold hits you but does no damage.
Throwing (i - inventory. (,) - cycle):
c - 4 large rocks (quivered)
Press: ? - help, Shift-Dir - straight line, f/p - Natasha
Aim: Natasha (heavily wounded)
You throw a large rock. The large rock hits Natasha.
Natasha is severely wounded.
You are feeling hungry.
Natasha claws you!
* * * LOW HITPOINT WARNING * * *
The kobold barely misses you. Natasha misses you.
The kobold hits you with a short sword.
* * * LOW HITPOINT WARNING * * *
Throwing (i - inventory. (,) - cycle):
c - 3 large rocks (quivered)
Press: ? - help, Shift-Dir - straight line, f/p - Natasha
Aim: Natasha (severely wounded)
You throw a large rock. The large rock hits Natasha.
Natasha is almost dead.
Natasha casts a spell at you. The magic dart hits you!
You die...

#.##.##.K.# #.##.#....+
#.##.#....#
##'##.#....#
#.(...#....#
#..........#
#.....##...#
#....hK.#+#######.
#.....@...# .......
#.......####.......#.#
#.......####.......#.#
#.....<..............#
#..[.................#
#.....(..รท...........#
##....#+##..........>#
###### #..........#
.##.... #..........#


You could see Natasha and a kobold.

Vanquished Creatures
  Natasha (D:2)
  2 dart slugs
  4 giant cockroaches
  A goblin (D:1)
  A hobgoblin (D:1)
  5 bats
  3 frilled lizards (D:1)
  7 kobolds (D:1)
  5 rats
29 creatures vanquished.

Notes
Turn   | Place    | Note
-------+----------+-------------------------------------------
     0 | D:1      | gg19 the Ogre Hunter began the quest for the Orb.
     0 | D:1      | Reached XP level 1. HP: 22/22 MP: 1/1
     6 | D:1      | Noticed a black mamba
     6 | D:1      | Noticed a polar bear
     6 | D:1      | Noticed a wolf
     6 | D:1      | Noticed a lindwurm
     6 | D:1      | Noticed a redback
   211 | D:1      | Reached XP level 2. HP: 31/31 MP: 2/2
   652 | D:1      | Reached skill level 1 in Maces & Flails
   702 | D:2      | Reached XP level 3. HP: 36/39 MP: 3/3
   773 | D:2      | Noticed Natasha
   792 | D:2      | Killed Natasha
   827 | D:2      | Noticed Natasha
  1019 | D:2      | Killed from afar by Natasha

Skill      XL: |  1  2  3 |
---------------+----------+-----
Fighting       | 3 4 |  4.6
Maces & Flails | 1 2 |  2.3
Throwing       | |  4.0
Dodging        | |  1.7
Stealth        | |  0.6

Action                   || total
-------------------------++-------
Melee: Short sword       ||    42
       Club              ||    38
Throw: Large rock        ||     8
       Stone             ||     3
       Throwing net      ||     2
 Stab: Sleeping          ||     2
       Held in net/web   ||     1
Armor: Robe              ||    24
Dodge: Dodged            ||    47
